 Dungeon Crawl Stone Soup version 0.27-a0-679-g77a6b55cf3 (webtiles) character file.

Game seed: 3950031260787286834

151 DarkShadow the Shield-Bearer (level 5, 0/41 HPs)
             Began as a Human Fighter on Mar 19, 2021.
             Was an Initiate of the Shining One.
             Succumbed to a worker ant's poison
             ... on level 4 of the Dungeon.
             The game lasted 00:10:08 (2623 turns).

DarkShadow the Shield-Bearer (Human Fighter)        Turns: 2623, Time: 00:10:09

Health: 0/41       AC:  8    Str: 17    XL:     5   Next: 59%
Magic:  5/5        EV:  7    Int:  8    God:    the Shining One [......]
Gold:   80         SH:  9    Dex: 13    Spells: 3/4 levels left

rFire    . . .     SeeInvis .   a - +0 long sword
rCold    . . .     Faith    .   c - +0 kite shield
rNeg     . . .     Spirit   .   b - +0 scale mail
rPois    .         Reflect  .   n - +1 hat
rElec    .         Harm     .   (no cloak)
rCorr    .         Rampage  .   (no gloves)
Will     .....                  (no boots)
Stlth    ..........             (no amulet)
HPRegen  0.13/turn              (no ring)
MPRegen  0.09/turn              (no ring)

@: lethally poisoned (0 -> -8), glowing
A: no striking features
a: Renounce Religion


You were on level 4 of the Dungeon.
You worshipped the Shining One.
The Shining One was noncommittal.
You visited 1 branch of the dungeon, and saw 4 of its levels.

You collected 80 gold pieces.

Inventory:

Hand Weapons
 a - a +0 long sword (weapon)
Missiles
 g - 26 poisoned darts (quivered)
 l - 7 boomerangs
Armour
 b - a +0 scale mail (worn)
 c - a +0 kite shield (worn)
 f - a +0 leather armour
 m - a +0 scale mail
 n - a +1 hat (worn)
Wands
 i - a wand of digging (5)
Scrolls
 j - a scroll of enchant weapon {unknown}
Potions
 d - a potion of might
 e - a potion of haste
 k - a potion of attraction


   Skills:
 + Level 3.5 Fighting
 + Level 3.3 Long Blades
 + Level 3.8 Armour
 + Level 0.5 Dodging
 + Level 0.1 Stealth
 + Level 3.9 Shields


You had 3 spell levels left.
You knew the following spells:

 Your Spells              Type           Power      Damage    Failure   Level
a - Animate Skeleton      Necr           0%         N/A       99%         1

Your spell library contained the following spells:

 Spells                   Type           Power      Damage    Failure   Level
 Apportation              Tloc           0%         N/A       99%         1
 Corona                   Hex            0%         N/A       99%         1
 Summon Small Mammal      Summ           0%         N/A       99%         1


Dungeon Overview and Level Annotations

Branches:
Dungeon (4/15)
 Temple: D:4-7

Altars:
Nemelex Xobeh
The Shining One

Shops:
D:1 :[(?   D:3 *


Message History

You block the worker ant's attack. You block the iguana's attack.
The howler monkey skeleton barely misses you.
The worker ant barely misses you.
You riposte.
You hit the worker ant but do no damage.
The worker ant is almost dead.
The iguana bites you but does no damage.
You hit the worker ant but do no damage.
The worker ant is almost dead.
You feel sick. The worker ant bites you.
You are more poisoned.
The worker ant poisons you!
The howler monkey skeleton closely misses you.
You riposte.
You hit the howler monkey skeleton.
The howler monkey skeleton is lightly damaged.
The iguana hisses menacingly.
The iguana bites you but does no damage.
You hit the worker ant but do no damage.
The worker ant is almost dead.
You feel sick. You block the worker ant's attack.
The howler monkey skeleton barely misses you.
You riposte.
You hit the howler monkey skeleton but do no damage.
The howler monkey skeleton is lightly damaged.
The iguana bites you!
* * * LOW HITPOINT WARNING * * *
The worker ant bites you.
* * * LOW HITPOINT WARNING * * *
You block the howler monkey skeleton's attack.
Okay, then.
Blink to where?
Press: ? - help, Dir - move target
As you read the scroll labelled ITHEILO BUNOICK, it crumbles to dust.
It was a scroll of blinking.
* * * LOW HITPOINT WARNING * * *
You feel sick.
* * * LOW HITPOINT WARNING * * *
You feel sick. The Shining One protects you from harm!
The Shining One protects you from harm!
You die...

######### ##...#...## ####
##.........############..#
#........................#
#.......Z...###########.......
#...........## #...)...
##......lB...# #..#.###
##..........#.## ..##.#
##.........#.#.@# #... ..
#.............#...# #... ..
#.............###...# #... ...
##.............#####..##
.......(....#........... .
...#.......##..#......#. ..
...###..#.............# ...
..........####.#......##...
###.#.†..### #..........


You could see a howler monkey skeleton.

Vanquished Creatures
  A hound (D:4)
  A worker ant (D:4)
  4 adders
  A howler monkey skeleton (D:4)
  An ooze (D:4)
  3 dart slugs
  3 leopard geckos
  5 bats
  6 giant cockroaches
  2 goblins
  3 hobgoblins
  2 jackals (D:3)
  A frilled lizard (D:4)
  6 rats
39 creatures vanquished.

Vanquished Creatures (others)
  2 toadstools (D:1)
2 creatures vanquished.

Grand Total: 41 creatures vanquished

Notes
Turn   | Place    | Note
-------+----------+-------------------------------------------
     0 | D:1      | DarkShadow the Human Fighter began the quest for the Orb.
     0 | D:1      | Reached XP level 1. HP: 18/18 MP: 1/1
    80 | D:1      | Found Lyrr's Weapon Shop.
    81 | D:1      | Found Yceyrch's Magic Scroll Shop.
   132 | D:1      | Found Uwatoiv's Antique Armour Shoppe.
   437 | D:1      | Reached XP level 2. HP: 23/24 MP: 2/2
   684 | D:1      | Found Pibopn's Book Shop.
   828 | D:2      | Learned a level 1 spell: Animate Skeleton
   851 | D:2      | Reached XP level 3. HP: 28/29 MP: 3/3
  1552 | D:3      | Reached XP level 4. HP: 35/35 MP: 4/4
  1571 | D:3      | Found a glowing golden altar of the Shining One.
  1596 | D:3      | Became a worshipper of the Shining One
  1754 | D:3      | Found Vuthriekh's Assorted Antiques.
  1790 | D:3      | Found a sparkling altar of Nemelex Xobeh.
  2205 | D:4      | Reached XP level 5. HP: 17/41 MP: 5/5
  2619 | D:4      | HP: 2/41 [poisoned by a worker ant]
  2621 | D:4      | The Shining One protects you from harm!
  2622 | D:4      | The Shining One protects you from harm!
  2623 | D:4      | Succumbed to a worker ant's poison

Illustrated notes

Levels and vault maps discovered:
D:1:      dpeg_arrival_pond, layout_basic, serial_shops, nicolae_shop_stone,
          shop_statue, shop, shop, shop, minmay_gold_behind_fungi
D:2:      cheibrodos_pilgrimage, layout_basic, serial_glass, glass_columns_b,
          glass_columns_b, glass_columns_b, glass_columns_b, glass_columns_c,
          glass_columns_c, glass_columns_a, glass_columns_a,
          chequers_serial_rivers_micro_c
D:3:      layout_basic, old_standard_altar, serial_shops, shop,
          minmay_misc_feat_rugged, nemelex_spade_bored_becter
D:4:      layout_rooms, pdpol_wu_jian_five_deadly_venoms,
          minmay_temple_entry_ruins

Skill      XL: |  1  2  3  4 |
---------------+-------------+-----
Long Blades    | 3 |  3.3
Fighting       | |  3.5
Armour         | |  3.8
Dodging        | |  0.5
Stealth        | |  0.1
Shields        | |  3.9

Action                   |  1- 3 |  4- 6 || total
-------------------------+-------+-------++-------
Melee: Long sword        |    67 |    87 ||   154
  Use: Scroll            |     4 |     1 ||     5
       Potion            |       |     1 ||     1
Armor: Scale mail        |    46 |    48 ||    94
Dodge: Dodged            |    20 |    39 ||    59
Block: Kite shield       |    44 |    51 ||    95
       Rpst.: Long sword |     4 |    14 ||    18

Table legend: (Time is in decaauts)
 A = Elapsed time spent in this place.
 B = Non-inter-level travel time spent in this place.
 C = Inter-level travel time spent in this place.
 D = Time resting spent in this place.
 E = Time spent auto-exploring this place.
 F = Levels seen in this place.
 G = Mean time per level.
                   A        B        C        D        E       F      G
               +--------+--------+--------+--------+--------+-----+--------+
         Total |   2699 |   2699 |      0 |   1037 |    483 |   4 |  674.8 |
       Dungeon |   2699 |   2699 |      0 |   1037 |    483 |   4 |  674.8 |
               +--------+--------+--------+--------+--------+-----+--------+

Top non-repeatable levels by time:
     D:3: 720 daAuts
     D:1: 713 daAuts
     D:2: 678 daAuts
     D:4: 587 daAuts
